AoeStats
← BELA[ARG]

Arena

504610780Analyzed
1v1 RM · 28d ago on Sep 5, 2026· 47m 58s· 2 players
Game mode
Random Map
Map size
Tiny (2 player)
Population
200
Speed
Normal
Resources
Standard
Victory
Conquest
Starting age
Dark Age
Ending age
Imperial Age
RankedLock teamsTeams togetherTeam positionsShared explorationLock speedFull tech treeHidden civsTurbo modeCheats
Victory
Defeat
🇦🇷 Celts · Argentina
943
+15
🇨🇴 Bohemians · Colombia
912
-15
An*Other*Exit*
10:15 Feudal Age
15:26 Castle Age
14:50 Horse Collar
19:37 Fervor
21:04 Redemption
21:20 Loom
26:48 Sanctity
26:44 Atonement
29:21 Imperial Age
29:53 Wagenburg Tactics
31:07 Chemistry
30:27 Ballistics
30:26 Hussite Reforms
30:42 Conscription
30:47 Block Printing
30:55 Block Printing
32:27 Illumination
33:18 Block Printing
34:19 Theocracy
35:31 Devotion
35:49 Herbal Medicine
40:27 Heavy Scorpion
40:31 Onager
43:08 Double-Bit Axe
44:23 Bow Saw
46:18 Squires
47:55 Fortified Wall
BELA[ARG]
10:23 Feudal Age
20:52 Castle Age
19:12 Horse Collar
19:19 Double-Bit Axe
19:51 Gold Mining
20:01 Stone Mining
23:11 Bow Saw
23:06 Heavy Plow
23:23 Pikeman
24:55 Loom
28:26 Forging
31:23 Gold Shaft Mining
31:24 Stone Shaft Mining
32:50 Wheelbarrow
32:23 Loom
32:59 Town Watch
33:47 Hand Cart
38:31 Imperial Age
35:49 Gambesons
35:57 Fletching
38:32 Town Patrol
39:19 Iron Casting
38:33 Capped Ram
40:01 Furor Celtica
39:36 Halberdier
41:20 Blast Furnace
41:26 Conscription
40:40 Siege Ram
43:25 Bodkin Arrow
43:32 Scale Mail Armor
44:46 Chemistry
43:53 Siege Engineers
44:40 Chain Mail Armor
44:22 Bodkin Arrow
44:51 Fortified Wall
45:10 Murder Holes
45:04 Arrowslits
48:01 Plate Mail Armor
Connection lost

Rejoining the realm…

Still unreachable

The connection could not be restored.

Session expired

The server has moved on; the page needs a fresh start.